AoeStats
← Mr. Stone

MegaRandom

505290543Analyzed
1v1 RM · 23d ago on Sep 8, 2026· 47m 28s· 2 players
Game mode
Random Map
Map size
Tiny (2 player)
Population
200
Speed
Normal
Resources
Standard
Victory
Conquest
Starting age
Dark Age
Ending age
Imperial Age
RankedLock teamsTeams togetherTeam positionsShared explorationLock speedFull tech treeHidden civsTurbo modeCheats
Victory
Defeat
🇨🇭 Mongols · Switzerland
824
+19
🇪🇸 Bulgarians · Spain
883
-19
Mr. Stone
7:58 Loom
11:08 Feudal Age
17:16 Castle Age
16:54 Double-Bit Axe
16:52 Horse Collar
26:32 Bloodlines
26:55 Forging
27:15 Gold Mining
29:56 Fletching
30:58 Wheelbarrow
33:04 Ballistics
32:58 Bodkin Arrow
33:04 Padded Archer Armor
33:08 Husbandry
34:25 Gold Shaft Mining
34:00 Heavy Plow
35:14 Leather Archer Armor
35:35 Iron Casting
40:45 Imperial Age
38:36 Hand Cart
38:09 Loom
38:12 Town Watch
39:35 Scale Barding Armor
42:46 Bracer
43:48 Blast Furnace
43:09 Elite Steppe Lancer
45:40 Chain Barding Armor
6aGamer
3:22 Loom
5:12 Loom
13:18 Feudal Age
15:12 Wheelbarrow
15:07 Horse Collar
15:20 Double-Bit Axe
16:11 Gold Mining
16:27 Town Watch
22:29 Castle Age
20:39 Scale Mail Armor
22:35 Pikeman
23:34 Chain Mail Armor
24:37 Squires
26:34 Bow Saw
27:18 Gold Shaft Mining
28:11 Town Patrol
29:25 Hand Cart
30:30 Scale Barding Armor
30:17 Fletching
32:50 Forging
33:41 Stone Mining
34:28 Heavy Plow
34:28 Elite Skirmisher
35:39 Gambesons
36:18 Chain Barding Armor
35:54 Bodkin Arrow
38:31 Padded Archer Armor
38:26 Bodkin Arrow
39:26 Thumb Ring
42:20 Ballistics
42:11 Masonry
43:36 Thumb Ring
Connection lost

Rejoining the realm…

Still unreachable

The connection could not be restored.

Session expired

The server has moved on; the page needs a fresh start.